 Dungeon Crawl Stone Soup version 0.29.0-4-gdea44cf6ec (webtiles) character file.

Game seed: 855829285169160658

63 qw the Chopper (level 3, -1/46 HPs)
             Began as a Minotaur Berserker on Sept 7, 2022.
             Was a Follower of Trog.
             Slain by an adder (2 damage)
             ... on level 2 of the Dungeon.
             The game lasted 00:00:31 (1769 turns).

qw the Chopper (Minotaur Berserker)                 Turns: 1769, Time: 00:00:32

Health: -1/46      AC:  3    Str: 23    XL:     3   Next: 89%
Magic:  2/2        EV: 11    Int:  4    God:    Trog [*.....]
Gold:   49         SH:  0    Dex:  9    Spells: 2/2 levels left

rFire   . . .      SeeInvis .   Y - +0 hand axe
rCold   . . .      Faith    .   (no shield)
rNeg    . . .      Spirit   .   d - +0 leather armour
rPois   .          Reflect  .   (helmet restricted)
rElec   .          Harm     .   (no cloak)
rCorr   .          Rampage  .   (no gloves)
Will    +....                   (no boots)
Stlth   ..........              (no amulet)
HPRegen 0.15/turn               c - ring of willpower
MPRegen 0.08/turn               (no ring)

@: berserking, lethally poisoned (-1 -> -13), very quick
A: horns 2, retaliatory headbutt
a: Renounce Religion, Berserk


You were on level 2 of the Dungeon.
You worshipped Trog.
Trog was aware of your devotion.
You visited 1 branch of the dungeon, and saw 2 of its levels.

You collected 49 gold pieces.


Innate Abilities, Weirdness & Mutations

You have a pair of horns on your head.
You reflexively headbutt those who attack you in melee.


   Skills:
 - Level 3.6 Fighting
 + Level 5.9 Axes
 - Level 2.4 Armour
 - Level 2.1 Dodging


You had 2 spell levels left.
You didn't know any spells.
Your spell library was empty.

Inventory:

Hand Weapons
 g - a +0 club
 Y - a +0 hand axe (weapon)
Armour
 d - a +0 leather armour (worn)
Jewellery
 c - a ring of willpower (left hand)
Scrolls
 a - a scroll of enchant weapon {unknown}
 e - 2 scrolls of identify {unknown}
 f - a scroll of butterflies {unknown}
Potions
 b - a potion of lignification {unknown}
 h - 2 potions of invisibility {unknown}

Dungeon Overview and Level Annotations

Branches:
Dungeon (2/15)

Altars:
Hepliaklqana


Message History

The adder poisons you!
You miss the adder.
The adder is lightly wounded.
You hit the adder.
You feel very sick. The adder barely misses you. The adder bites you.
You closely miss the adder.
The adder is moderately wounded.
You hit the adder but do no damage.
You feel very sick. The adder bites you but does no damage.
The adder bites you.
You are lethally poisoned!
The adder poisons you! The adder barely misses you.
1765 ||| INVOKING Berserk.
A red film seems to cover your vision as you go berserk!
You feel yourself moving faster!
You feel mighty!
You feel sick. The adder barely misses you. The adder closely misses you.
You closely miss the adder.
The adder is moderately wounded.
You closely miss the adder.
You feel sick. The adder closely misses you. The adder barely misses you.
You closely miss the adder.
The adder is moderately wounded.
You slash the adder!
You feel sick. The adder barely misses you. The adder bites you.
You are more poisoned.
The adder poisons you!
You completely miss the adder.
The adder is almost dead.
You slash the adder!
You feel sick. The adder bites you but does no damage. The adder bites you.
You are more poisoned.
The adder poisons you!
You barely miss the adder. Your headbutt misses the adder.
The adder is almost dead.
You hit the adder.
You kill the adder!
Trog accepts your kill.
You feel sick. The adder bites you.
You die...

#.. ......#(# #..
......#.##### #..
............ ..####..
........... .........
..........# ..........
..........# ##.........
......S%..# ...........
......%@..#####.........
.....####?#<............
.###......#.............
.........#.####........
########..............#
#.#.########.#.# #...###
#.#.# ##.#...## #.#.#
#.......#####.#.#


You could see an adder.

Vanquished Creatures
  Natasha (D:2)
  An adder (D:2)
  2 worms (D:2)
  4 bats
  3 endoplasms (D:1)
  2 giant cockroaches (D:1)
  2 hobgoblins (D:1)
  2 quokkas
  3 ball pythons
  6 goblins
  4 kobolds
  5 rats
35 creatures vanquished.

Notes
Turn   | Place    | Note
-------+----------+-------------------------------------------
     0 | D:1      | qw the Minotaur Berserker began the quest for the Orb.
     0 | D:1      | Reached XP level 1. HP: 19/19 MP: 0/0
     0 | D:1      | 0 ||| qw: Version: 0.1-a-108-g9e35731
     0 | D:1      | 0 ||| qw: Game counter: 6573
     0 | D:1      | 0 ||| qw: Always use a shield: true
     0 | D:1      | 0 ||| qw: Do Orc after D:15 true
     0 | D:1      | 0 ||| qw: Do second Lair branch before Depths: true
     0 | D:1      | 0 ||| qw: Lair rune preference: random
     0 | D:1      | 0 ||| qw: Plans: Normal
     0 | D:1      | 0 ||| PLANNING D:1-11
    43 | D:1      | Reached skill level 4 in Axes
   233 | D:1      | Reached XP level 2. HP: 19/26 MP: 1/1
   233 | D:1      | 233 ||| Stepping ~*~*~tactically~*~*~ (stealth).
   516 | D:1      | 516 ||| Stepping ~*~*~tactically~*~*~ (stealth).
   521 | D:1      | 521 ||| Stepping ~*~*~tactically~*~*~ (stealth).
   529 | D:1      | 529 ||| Stepping ~*~*~tactically~*~*~ (stealth).
   828 | D:1      | 828 ||| UPGRADING to +0 leather armour.
   838 | D:1      | 838 ||| DROPPING +0 animal skin.
   839 | D:1      | 839 ||| UPGRADING to ring of willpower.
   840 | D:1      | 840 ||| READING scroll labelled HIHIOLEIRCH.
   941 | D:1      | 941 ||| READING scroll labelled RERITI NOKACAAM.
   973 | D:2      | 973 ||| INVOKING Berserk.
   976 | D:2      | Reached skill level 5 in Axes
  1036 | D:2      | Found a hazy altar of Hepliaklqana.
  1081 | D:2      | Identified the +9 dagger "No More Talking" {venom, rElec
                  | Will+}
  1122 | D:2      | 1122 ||| INVOKING Berserk.
  1125 | D:2      | Reached XP level 3. HP: 31/31 MP: 2/2
  1305 | D:2      | Found a faded altar of an unknown god.
  1463 | D:2      | Noticed Natasha
  1464 | D:2      | 1464 ||| Stepping ~*~*~tactically~*~*~ (hiding).
  1468 | D:2      | 1468 ||| INVOKING Berserk.
  1470 | D:2      | Killed Natasha
  1765 | D:2      | 1765 ||| INVOKING Berserk.
  1765 | D:2      | HP: 11/46 [poisoned by an adder]
  1767 | D:2      | HP: 5/46 [adder (3)]
  1769 | D:2      | HP: 1/46 [poisoned by an adder]
  1769 | D:2      | Slain by an adder

Levels and vault maps discovered:
D:1:      reono_arrival_forest_river, layout_basic,
          minmay_misc_feat_more_columns
D:2:      layout_basic, shapermc_ecumenical_altar_totnotflames, basic_altar,
          serial_shops, nicolae_shop_behind_doors, uniq_natasha

Skill      XL: |  1  2 |
---------------+-------+-----
Axes           | 4 5 |  5.9
Fighting       | |  3.6
Armour         | |  2.4
Dodging        | |  2.1

Action                   || total
-------------------------++-------
Melee: Hand axe          ||    68
       Headbutt          ||     9
       Punch             ||     1
Invok: Berserk           ||     4
  Use: Scroll            ||     2
Armor: Animal skin       ||     9
       Leather armour    ||     2
Dodge: Dodged            ||    31

Table legend:
 A = Non-vault XP
 B = Vault XP
 C = Vault XP percentage of total XP
 D = Non-vault monster count
 E = Vault monster count
 F = Vault count percentage of total count
                 A         B        C        D         E       F
            +---------+---------+-------+---------+---------+-------
      Total |      72 |      33 |  31.4 |      34 |       1 |   2.9
            +---------+---------+-------+---------+---------+-------
        D:1 |      34 |       0 |   0.0 |      21 |       0 |   0.0
        D:2 |      38 |      33 |  46.5 |      13 |       1 |   7.1
            +---------+---------+-------+---------+---------+-------
